 Dungeon Crawl Stone Soup version 0.31-a0-1576-ga3383bade6 (webtiles) character file.

Game seed: 615417022373278648

44 Dirtsage the Changeling (level 3, -3/24 HPs)
             Began as an Octopode Shapeshifter on Jan 5, 2024.
             Slain by a gnoll
             ... wielding a +0 spear
              (7 damage)
             ... on level 2 of the Dungeon.
             The game lasted 00:01:17 (838 turns).

Dirtsage the Changeling (Octopode Shapeshifter)      Turns: 838, Time: 00:01:17

Health: -3/24      AC:  1    Str: 13    XL:     3   Next: 60%
Magic:  3/3        EV: 13    Int: 12    God:
Gold:   17         SH:  0    Dex: 13    Spells: 2/2 levels left

rFire   . .          .
                       - Unarmed
rCold   . . .        (no shield)
rNeg    . . .        (helmet currently unavailable)
rPois   .            (no amulet)
rElec   .            d - +4 ring of slaying
rCorr   .            (no ring)
SInv    .            (no ring)
Will    .....        (no ring)
Stlth   ++           (no ring)
HPRegen 0.24/turn    (no ring)
MPRegen 0.08/turn    (no ring)
                     (no ring)

%: no passive effects
@: beast-form
A: beast (slay +2), almost no armour, amphibious, 8 rings, camouflage 1,
gelatinous body 1, (nimble swimmer 1), tentacles
a: Begin Untransformation


You were on level 2 of the Dungeon.
You were a hulking beast.
You visited 1 branch of the dungeon, and saw 2 of its levels.

You collected 17 gold pieces.

Inventory:

Jewellery
 d - a +4 ring of slaying (left tentacle)
Talismans
 b - a beast talisman
 c - a flux talisman
Scrolls
 g - a scroll of identify {unknown}
Potions
 a - a potion of lignification
 e - a potion of invisibility {unknown}
 f - 2 potions of curing {unknown}
 h - a potion of attraction {unknown}
 i - a potion of brilliance {unknown}
 j - a potion of heal wounds {unknown}


   Skills:
 + Level 1.7 Fighting
 + Level 2.4 Dodging
 + Level 3.3 Unarmed Combat
 * Level 3.5 Shapeshifting


You had 2 spell levels left.
You didn't know any spells.
Your spell library was empty.

Dungeon Overview and Level Annotations

Branches:
Dungeon (2/15)

Altars:


Innate Abilities, Weirdness & Mutations

You are a hulking beast.
Your limbs bulge with bestial killing power. (Slay +2)
You cannot wear most types of armour.
You are amphibious.
You can wear up to eight rings at the same time.
Your skin changes colour to match your surroundings (Stealth+).
Your rubbery body absorbs attacks. (AC +1, EV +1)
((You are camouflaged when in or above water. (Stealth+)))
You have tentacles for arms and can constrict up to eight enemies at once.


Message History

The bat hits you but does no damage.
There is an open door here.
The gnoll shouts!
You tentacle-slap the bat.
You kill the bat!
You tentacle-slap the gnoll. You grab the gnoll.
The gnoll is moderately wounded.
You constrict the gnoll. The gnoll hits you with a +3 flail!
You take 7 damage, and have 16/23 hp.
MASSIVE DAMAGE!!
You tentacle-slap the gnoll.
The gnoll is severely wounded.
You constrict the gnoll. The gnoll completely misses you.
You barely miss the gnoll. You squeeze the gnoll.
You kill the gnoll!
You tentacle-slap the gnoll. You grab the gnoll.
You squeeze the gnoll, but do no damage.
The gnoll is moderately wounded.
You constrict the gnoll. The gnoll closely misses you.
You bludgeon the gnoll!
You kill the gnoll!
You closely miss the gnoll. You grab the gnoll.
You constrict the gnoll, but do no damage.
The gnoll hits you with a +0 flail. The gnoll barely misses you.
You take 4 damage, and have 14/24 hp.
You tentacle-slap the gnoll.
The gnoll is moderately wounded.
You constrict the gnoll, but do no damage.
The gnoll hits you from afar with a +0 spear.
The gnoll misses you.
You take 3 damage, and have 11/24 hp.
You tentacle-slap the gnoll.
The gnoll is heavily wounded.
You constrict the gnoll. The gnoll barely misses you.
The gnoll hits you with a +0 flail!
* * * LOW HITPOINT WARNING * * *
You take 8 damage, and have 3/24 hp.
MASSIVE DAMAGE!!
You tentacle-slap the gnoll. You squeeze the gnoll.
You kill the gnoll!
The gnoll hits you from afar with a +0 spear!
You die...

##.....##.##.#~~~~~~~
##.......#.##.#~.....~
#.............#~.....~
+.............'~.....~
#.........###.#~.....~
##)......## #.#~.....~
##.....## ###~.....~
##...## #~~~~~~~ ##h##
######## ###)#####
#...g...# #.#.###.#
#.... #..... .....#.
##.#..... #.#.## .#


You could see a gnoll.

Vanquished Creatures
  3 gnolls (D:2)
  2 endoplasms (D:1)
  A giant cockroach (D:1)
  A hobgoblin (D:1)
  2 quokkas (D:1)
  2 ball pythons (D:1)
  7 bats
  2 frilled lizards (D:1)
  A goblin (D:1)
  5 kobolds (D:1)
  2 rats (D:1)
28 creatures vanquished.

Notes
Turn   | Place    | Note
-------+----------+-------------------------------------------
     0 | D:1      | Dirtsage the Octopode Shapeshifter began the quest for the
                  | Orb.
     0 | D:1      | Reached XP level 1. HP: 13/13 MP: 1/1
   124 | D:1      | Reached XP level 2. HP: 18/18 MP: 2/2
   757 | D:2      | Reached XP level 3. HP: 23/23 MP: 3/3
   838 | D:2      | Slain by a gnoll

Illustrated notes

Levels and vault maps discovered:
D:1:      tarquinn_simple_flora_water_a, layout_basic,
          chequers_serial_rivers_micro_a
D:2:      layout_loops_corners, dk_vineyard_1

Action                     || total
---------------------------++-------
  Melee: Unarmed           ||    49
         Constrict         ||    13
         Tentacles         ||     9
   Stab: Sleeping          ||     5
 Armour: Skin              ||    18
  Dodge: Dodged            ||    26

Table legend: (Time is in decaauts)
 A = Elapsed time spent in this place.
 B = Non-inter-level travel time spent in this place.
 C = Inter-level travel time spent in this place.
 D = Time resting spent in this place.
 E = Time spent auto-exploring this place.
 F = Levels seen in this place.
 G = Mean time per level.
                   A        B        C        D        E       F      G
               +--------+--------+--------+--------+--------+-----+--------+
         Total |    835 |    804 |     31 |      0 |    665 |   2 |  417.5 |
       Dungeon |    835 |    804 |     31 |      0 |    665 |   2 |  417.5 |
               +--------+--------+--------+--------+--------+-----+--------+

Top non-repeatable levels by time:
     D:1: 736 daAuts
     D:2: 98 daAuts
